AoeStats
← Citizzen

Arena

509911583Analyzed
2v2 RM · 5d ago on Sep 28, 2026· 49m 0s· 4 players
Game mode
Random Map
Map size
Medium (4 player)
Population
200
Speed
Normal
Resources
Standard
Victory
Conquest
Starting age
Dark Age
Ending age
Imperial Age
RankedLock teamsTeams togetherTeam positionsShared explorationLock speedFull tech treeHidden civsTurbo modeCheats
Victory
Defeat
🇵🇹 Danes · Portugal
1049
+17
🇻🇳 Franks · Vietnam
1031
+18
🇩🇪 Jurchens · Germany
1097
-18
🇷🇴 Vietnamese · Romania
1049
-17
#South
10:37 Feudal Age
16:33 Castle Age
14:41 Gold Mining
14:56 Double-Bit Axe
17:32 Bow Saw
17:59 Gold Shaft Mining
20:38 Forging
20:42 Stone Mining
22:27 Husbandry
34:31 Ordonnance Companies
35:07 Fletching
35:18 Padded Archer Armor
38:34 Leather Archer Armor
38:15 Bodkin Arrow
39:27 Crossbowman
40:22 Squires
39:42 Pikeman
40:51 Scale Mail Armor
41:18 Gambesons
42:48 Chain Mail Armor
47:15 Ballistics
47:26 Elite Skirmisher
48:09 Arson
!
5:08 Loom
11:12 Feudal Age
12:26 Double-Bit Axe
16:15 Castle Age
17:22 Castle Age
21:03 Bow Saw
23:49 Horse Collar
29:29 Wheelbarrow
29:50 Scale Mail Armor
31:15 Fletching
30:48 Pikeman
32:20 Hand Cart
32:45 Chain Mail Armor
33:10 Forging
33:28 Heavy Plow
35:06 Iron Casting
34:22 Fletching
34:58 Arson
35:21 Gold Mining
36:11 Squires
38:14 Stone Mining
39:00 Gold Shaft Mining
44:29 Imperial Age
41:45 Town Watch
42:39 Stone Shaft Mining
45:06 Bodkin Arrow
44:44 Onager
45:57 Plate Mail Armor
46:27 Blast Furnace
45:56 Fervor
45:56 Redemption
46:22 Elite Varangian Guard
46:23 Halberdier
46:52 Gambesons
48:52 Siege Onager
LLBHLJ
9:55 Feudal Age
13:51 Castle Age
12:16 Double-Bit Axe
15:17 Loom
26:50 Crossbowman
Citizzen
5:05 Loom
11:16 Feudal Age
16:59 Castle Age
15:45 Horse Collar
15:53 Double-Bit Axe
17:41 Heavy Plow
18:04 Bow Saw
21:41 Squires
21:01 Pikeman
25:02 Wheelbarrow
24:12 Town Watch
26:07 Forging
26:34 Scale Barding Armor
25:58 Elite Skirmisher
27:59 Iron Casting
27:55 Husbandry
28:13 Bloodlines
29:07 Fletching
29:47 Town Watch
31:56 Light Cavalry
33:26 Chain Barding Armor
33:11 Bodkin Arrow
34:59 Devotion
35:36 Thumb Ring
35:36 Padded Archer Armor
40:41 Gold Mining
40:42 Stone Mining
41:16 Leather Archer Armor
45:38 Imperial Age
45:11 Ballistics
46:18 Hand Cart
45:43 Imperial Skirmisher
46:27 Bracer
46:58 Ring Archer Armor
48:11 Chemistry
Connection lost

Rejoining the realm…

Still unreachable

The connection could not be restored.

Session expired

The server has moved on; the page needs a fresh start.